 Dungeon Crawl Stone Soup version 0.29.1-12-g30fa7ad0bf (webtiles) character file.

Game seed: 18370012204756776635

57 hawla the Chiller (level 4, 0/33 HPs)
             Began as a Meteoran Ice Elementalist on Jan 9, 2023.
             Succumbed to a water moccasin's poison
             ... on level 3 of the Dungeon.
             The game lasted 00:02:58 (765 turns).

hawla the Chiller (Meteoran Ice Elementalist)        Turns: 765, Time: 00:02:59

Health: 0/33       AC:  4    Str: 10    XL:     4   Next: 41%
Magic:  9/10       EV: 12    Int: 18    God:
Gold:   12         SH:  0    Dex: 14    Spells: 2/10 levels left

rFire   . . .      SeeInvis .   (no weapon)
rCold   . . .      Faith    .   (no shield)
rNeg    . . .      Spirit   .   a - +0 robe
rPois   .          Reflect  .   g - +0 helmet
rElec   .          Harm     .   (no cloak)
rCorr   .          Rampage  .   (no gloves)
Will    .....                   d - +0 pair of boots
Stlth   +.........              (no amulet)
HPRegen 0.11/turn               (no ring)
MPRegen 0.12/turn               (no ring)

@: lethally poisoned (0 -> -8), glowing
A: sense surroundings 1, otherworldly, glowing, explore regen
a: no special abilities


You were on level 3 of the Dungeon.
You visited 1 branch of the dungeon, and saw 3 of its levels.

You collected 12 gold pieces.

Inventory:

Armour
 a - a +0 robe (worn)
 d - a +0 pair of boots (worn)
 g - a +0 helmet (worn)
Scrolls
 c - 2 scrolls of identify {unknown}
 e - a scroll of teleportation {unknown}
 f - a scroll of enchant weapon {unknown}


   Skills:
 - Level 0.1 Fighting
 - Level 2.7 Dodging
 - Level 1.4 Stealth
 - Level 3.6 Spellcasting
 + Level 0.4 Conjurations
 - Level 5.3 Ice Magic


You had 2 spell levels left.
You knew the following spells:

 Your Spells              Type           Power      Damage    Failure   Level
a - Freeze                Ice            88%        1d10      1%          1
b - Frozen Ramparts       Ice            44%        1d7       5%          3
c - Hailstorm             Conj/Ice       13%        3d5       43%         4

Your spell library contained the following spells:

 Spells                   Type           Power      Damage    Failure   Level
 Ozocubu's Armour         Ice            22%        N/A       5%          3


Dungeon Overview and Level Annotations

Branches:
Dungeon (3/15) Zot: 1035

Altars:
Hepliaklqana
Sif Muna

Annotations:
D:3 3 transporters, SirLogeyBear's ghost, amateur HOBe


Innate Abilities, Weirdness & Mutations

You passively map a small area around you.
You are easily found by Zot.
You glow in the dark.
You regain HP and MP as you explore.


Message History

Aim: a water moccasin (heavily wounded, slow)
You freeze the water moccasin!
The water moccasin is severely wounded.
The water moccasin bites you.
You are poisoned.
The water moccasin poisons you!
The wall freezes something.
Something hits you.
The shadow imp completely resists.
The wall freezes the shadow imp but does no damage.
The shadow imp closely misses you.
Casting: Freeze (safe; 1% risk of failure)
Confirm with . or Enter, or press ? or * to list all spells.
Aiming: Freeze (safe; 1% risk of failure)
Press: ? - help, Shift-Dir - straight line, f/p - water moccasin
Aim: a water moccasin (severely wounded, slow)
You freeze the water moccasin.
The water moccasin is almost dead.
You feel very sick.
The wall freezes something.
Something hits you. The water moccasin bites you.
* * * LOW HITPOINT WARNING * * *
The shadow imp completely resists.
The wall freezes the shadow imp but does no damage.
The shadow imp hits you.
* * * LOW HITPOINT WARNING * * *
Magic courses through your body.
* * * LOW HITPOINT WARNING * * *
You feel very sick.
The wall freezes the shadow imp but does no damage.
The shadow imp hits you but does no damage.
The wall freezes something but does no damage.
Something hits you.
* * * LOW HITPOINT WARNING * * *
Casting: Freeze (safe; 1% risk of failure)
Confirm with . or Enter, or press ? or * to list all spells.
Aiming: Freeze (safe; 1% risk of failure)
Press: ? - help, Shift-Dir - straight line, f/p - water moccasin
Aim: a water moccasin (almost dead, slow)
You freeze the water moccasin.
You kill the water moccasin!
The frozen ramparts melt away.
You die...

#..###.....#.#.........#..#######
#...###...<......##.......#....$(
#.#.# #....#.#.#.#######..#......
#.#.###^.#)#.#....######..#..##..
..#...#.........©.....##..#.. 8..
........##..#########..#..#. ##..
...##.####.##8.....8##.#..# , ..©
...##...##.#...$.5.).#.#..# .# ..
.÷....#.##.#.##.@.##.#.#..# .#8..
......#..#.#.##...##.#....# .##..
.<....##...#©........#....# .....
......####.#.##...##.#....# .....
......####.#.##...##.#....#######
#..........#..?!$!)..#..........©
#.....###..##8$_._.8##.<.........
#.....# #...#########..####..###.
#.....# #.......©.......###......


You could see a shadow imp.

Vanquished Creatures
  A water moccasin (D:3)
  3 gnolls (D:3)
  An adder (D:3)
  A worm (D:3)
  An endoplasm (D:2)
  A giant cockroach (D:1)
  4 goblins
  4 ball pythons (D:3)
  A frilled lizard (D:3)
  2 kobolds (D:3)
  2 rats (D:3)
21 creatures vanquished.

Notes
Turn   | Place    | Note
-------+----------+-------------------------------------------
     0 | D:1      | hawla the Meteoran Ice Elementalist began the quest for the
                  | Orb.
     0 | D:1      | Reached XP level 1. HP: 14/14 MP: 5/5
    94 | D:2      | Reached XP level 2. HP: 15/20 MP: 0/6
   211 | D:3      | Reached XP level 3. HP: 26/26 MP: 6/8
   278 | D:3      | Learned a level 3 spell: Frozen Ramparts
   297 | D:3      | Found a shimmering blue altar of Sif Muna.
   297 | D:3      | Found a transporter.
   297 | D:3      | Noticed a water moccasin
   304 | D:3      | Reached skill level 5 in Ice Magic
   305 | D:3      | Found a hazy altar of Hepliaklqana.
   307 | D:3      | Found a transporter.
   392 | D:3      | Reached XP level 4. HP: 30/33 MP: 3/10
   399 | D:3      | Learned a level 4 spell: Hailstorm
   525 | D:3      | Found a transporter.
   527 | D:3      | Noticed SirLogeyBear's ghost (amateur HOBe)
   529 | D:3      | Found a transporter.
   765 | D:3      | Killed a water moccasin
   765 | D:3      | Succumbed to a water moccasin's poison

Illustrated notes

Levels and vault maps discovered:
D:1:      spicycebolla_green_bress_n_ham, layout_basic,
          nicolae_ecumenical_snake_handling
D:2:      layout_loops_ring, serial_shops, shop, nicolae_shop_crystal,
          nicolae_shop_behind_doors, kennysheep_generic_room_10
D:3:      layout_basic, gammafunk_temple_overflow_arena,
          gammafunk_ghost_mausoleum

Skill      XL: |  1  2  3 |
---------------+----------+-----
Spellcasting   | 3 |  3.6
Ice Magic      | 5 |  5.3
Fighting       | |  0.1
Dodging        | |  2.7
Stealth        | |  1.4
Conjurations   | |  0.4

Action                   |  1- 3 |  4- 6 || total
-------------------------+-------+-------++-------
Melee: Unarmed           |    12 |     2 ||    14
 Cast: Freeze            |    22 |     8 ||    30
       Frozen Ramparts   |     2 |     1 ||     3
  Use: Potion            |       |     1 ||     1
Armor: Robe              |     3 |     2 ||     5
Dodge: Dodged            |    18 |     8 ||    26
